IL
TOLEDO MUD HENS @ ROCHESTER RED WINGS
07/25/2048
 
TOP OF THE 1ST
Toledo Mud Hens batting - Pitching for Rochester Red Wings : RHP Bill Rondeau
Pitching: RHP Bill Rondeau
Batting: RHB Brandon O'Malley 0-0: Ball
1-0: Swinging Strike
1-1: Ball
2-1: Foul Ball, location: 2F
2-2: Foul Ball, location: 2F
2-2: Ball
3-2: Strikes out swinging
Batting: RHB J.J. Basil 0-0: Swinging Strike
0-1: Ball
1-1: Called Strike
1-2: Ground out 5-3 (Groundball, 56, EV 91.2 MPH)
Batting: LHB Bill Ford 0-0: Called Strike
0-1: Called Strike
0-2: Strikes out looking
Top of the 1st over - 0 runs, 0 hits, 0 errors, 0 left on base; Toledo 0 - Rochester 0
BOTTOM OF THE 1ST
Rochester Red Wings batting - Pitching for Toledo Mud Hens : LHP Josh Thorpe
Pitching: LHP Josh Thorpe
Batting: RHB Cyril Husson 0-0: Called Strike
0-1: Swinging Strike
0-2: Ball
1-2: Ball
2-2: Ball
3-2: Fly out, F8 (Flyball, 8LXD, EV 96.9 MPH)
Batting: SHB Manny Molina 0-0: Ball
1-0: Ball
2-0: Ball
3-0: Called Strike
3-1: SOLO HOME RUN (Flyball, 7D, EV 95.6 MPH), Distance : 367 ft
Batting: LHB Chris Munguia 0-0: Ball
1-0: Ball
2-0: Foul Ball, location: 2F
2-1: Ball
3-1: Called Strike
3-2: Foul Ball, location: 2F
3-2: SINGLE (Line Drive, 34, EV 108.8 MPH)
Batting: SHB Dan Morataya 0-0: Ball
1-0: Called Strike
1-1: Fielders Choice at 2nd, 4-6 (Groundball, 4, EV 76.2 MPH)
Batting: SHB Ian Thompson 0-0: Called Strike
0-1: Ball
1-1: Ball
2-1: Ball
3-1: Base on Balls
Dan Morataya to second
Batting: RHB Mike Craver 0-0: Foul Ball, location: 2F
0-1: Ball
1-1: Hit by Pitch
Dan Morataya to third
Ian Thompson to second
Batting: RHB Juan Espinoza 0-0: Ball
1-0: Foul Ball, location: 2F
1-1: Ball
2-1: DOUBLE (Line Drive, 89D, EV 93.1 MPH)
Dan Morataya scores
Ian Thompson scores
Mike Craver to third
Runner from 3rd tries for Home, SAFE, no throw by CF
Batting: RHB Ryan Gautney 0-0: Ball
1-0: Ground out 5-3 (Groundball, 56S, EV 83.8 MPH)
Bottom of the 1st over - 4 runs, 3 hits, 0 errors, 1 left on base; Toledo 0 - Rochester 4
TOP OF THE 2ND
Toledo Mud Hens batting - Pitching for Rochester Red Wings : RHP Bill Rondeau
Batting: LHB Jon Frederick 0-0: Called Strike
0-1: Called Strike
0-2: Strikes out looking
Batting: RHB Willis Morales 0-0: Ball
1-0: Ball
2-0: Foul Ball, location: 2F
2-1: Ball
3-1: Base on Balls
Batting: RHB Joel Miller 0-0: Called Strike
Willis Morales is caught stealing 2nd base 2-4
0-1: Foul Ball, location: 2F
0-2: Ball
1-2: Foul Ball, location: 2F
1-2: Strikes out swinging
Top of the 2nd over - 0 runs, 0 hits, 0 errors, 0 left on base; Toledo 0 - Rochester 4
BOTTOM OF THE 2ND
Rochester Red Wings batting - Pitching for Toledo Mud Hens : LHP Josh Thorpe
Batting: RHB Ratko Macura 0-0: Ball
1-0: Ball
2-0: Foul Ball, location: 2F
2-1: Ball
3-1: Base on Balls
Batting: RHB Cyril Husson 0-0: Ball
1-0: Ball
2-0: Foul Ball, location: 2F
2-1: Grounds into double play, 6-4-3 (Groundball, 6, EV 103.8 MPH)
Batting: SHB Manny Molina 0-0: Called Strike
0-1: Called Strike
0-2: Ball
1-2: Ground out 5-3 (Groundball, 56, EV 90.6 MPH)
Bottom of the 2nd over - 0 runs, 0 hits, 0 errors, 0 left on base; Toledo 0 - Rochester 4
TOP OF THE 3RD
Toledo Mud Hens batting - Pitching for Rochester Red Wings : RHP Bill Rondeau
Batting: RHB Keith Hoffman 0-0: Ball
1-0: Ball
2-0: Foul Ball, location: 2F
2-1: Swinging Strike
2-2: Ball
3-2: Ground out 4-3 (Groundball, 4, EV 98.1 MPH)
Batting: RHB Aaron Cusick 0-0: Called Strike
0-1: SINGLE (Line Drive, 78S, EV 106.9 MPH)
Batting: SHB Scott Bartholomew 0-0: Called Strike
0-1: Ball
1-1: Grounds into double play, 1-6-3 (Groundball, 13, EV 63.8 MPH)
Top of the 3rd over - 0 runs, 1 hit, 0 errors, 0 left on base; Toledo 0 - Rochester 4
BOTTOM OF THE 3RD
Rochester Red Wings batting - Pitching for Toledo Mud Hens : LHP Josh Thorpe
Batting: LHB Chris Munguia 0-0: Ball
1-0: Called Strike
1-1: Called Strike
1-2: Ball
2-2: Foul Ball, location: 2F
2-2: Foul Ball, location: 2F
2-2: Ground out U3 (Groundball, 3L, EV 99.4 MPH)
Batting: SHB Dan Morataya 0-0: Called Strike
0-1: Fly out, F5 (Popup, 5SF, EV 70.0 MPH)
Batting: SHB Ian Thompson 0-0: Ball
1-0: Reached on error, E5 (Groundball, 56S, EV 80.0 MPH)
Batting: RHB Mike Craver 0-0: Swinging Strike
0-1: Swinging Strike
0-2: Strikes out swinging
Bottom of the 3rd over - 0 runs, 0 hits, 1 error, 1 left on base; Toledo 0 - Rochester 4
TOP OF THE 4TH
Toledo Mud Hens batting - Pitching for Rochester Red Wings : RHP Bill Rondeau
Batting: RHB Brandon O'Malley 0-0: Ground out 5-3 (Groundball, 56S, EV 91.9 MPH)
Batting: RHB J.J. Basil 0-0: Ball
1-0: SINGLE (Groundball, 6M, EV 83.1 MPH) (infield hit)
Batting: LHB Bill Ford 0-0: Called Strike
0-1: Ball
1-1: Ball
2-1: Swinging Strike
2-2: Strikes out looking
Batting: LHB Jon Frederick 0-0: Swinging Strike
0-1: Called Strike
0-2: Ball
1-2: Ball
2-2: Ball
3-2: Foul Ball, location: 2F
3-2: Foul Ball, location: 2F
3-2: DOUBLE (Line Drive, 8LXD, EV 106.9 MPH)
J.J. Basil to third
J.J. Basil scores
Batting: RHB Willis Morales 0-0: Fly out, F5 (Line Drive, 5L, EV 68.1 MPH)
Top of the 4th over - 1 run, 2 hits, 0 errors, 1 left on base; Toledo 1 - Rochester 4
BOTTOM OF THE 4TH
Rochester Red Wings batting - Pitching for Toledo Mud Hens : LHP Josh Thorpe
Batting: RHB Juan Espinoza 0-0: Reached on error, E6 (Groundball, 6, EV 110.0 MPH)
Batting: RHB Ryan Gautney 0-0: Swinging Strike
0-1: SINGLE (Groundball, 6D, EV 96.9 MPH)
Juan Espinoza to second
Batting: RHB Ratko Macura 0-0: Swinging Strike
0-1: Ball
1-1: Foul Ball, location: 2F
1-2: Ball
2-2: Foul Ball, location: 2F
2-2: Strikes out swinging
Batting: RHB Cyril Husson 0-0: Ball
1-0: Ball
2-0: Called Strike
2-1: Ball
3-1: Base on Balls
Juan Espinoza to third
Ryan Gautney to second
Batting: SHB Manny Molina 0-0: Foul Ball, location: 2F
0-1: Ball
1-1: SINGLE (Flyball, 56D, EV 86.2 MPH)
Juan Espinoza scores
Ryan Gautney to third
Cyril Husson to second
Pitching: RHP Roberto Benavides
Batting: LHB Chris Munguia 0-0: Ball
1-0: Ball
2-0: Called Strike
2-1: Fielders Choice at 2nd, 4-6 (Groundball, 4S, EV 78.8 MPH)
Ryan Gautney scores
Cyril Husson to third
Batting: SHB Dan Morataya 0-0: Ball
1-0: Ball
2-0: 3-RUN HOME RUN (Flyball, 9D, EV 100.0 MPH), Distance : 380 ft
Batting: SHB Ian Thompson 0-0: Foul Ball, location: 2F
0-1: Foul Ball, location: 2F
0-2: Ball
1-2: Ball
2-2: SINGLE (Groundball, 4MD, EV 101.9 MPH)
Batting: RHB Mike Craver 0-0: Called Strike
0-1: Ball
1-1: Foul Ball, location: 2F
1-2: Ball
2-2: Strikes out swinging
Bottom of the 4th over - 5 runs, 4 hits, 1 error, 1 left on base; Toledo 1 - Rochester 9
TOP OF THE 5TH
Toledo Mud Hens batting - Pitching for Rochester Red Wings : RHP Bill Rondeau
Batting: RHB Joel Miller 0-0: Ball
1-0: Fly out, F7 (Flyball, 7S, EV 91.2 MPH)
Batting: RHB Keith Hoffman 0-0: Ground out 4-3 (Groundball, 4, EV 87.5 MPH)
Batting: RHB Aaron Cusick 0-0: Ball
1-0: Ball
2-0: Foul Ball, location: 2F
2-1: Foul Ball, location: 2F
2-2: Foul Ball, location: 2F
2-2: Strikes out looking
Top of the 5th over - 0 runs, 0 hits, 0 errors, 0 left on base; Toledo 1 - Rochester 9
BOTTOM OF THE 5TH
Rochester Red Wings batting - Pitching for Toledo Mud Hens : RHP Roberto Benavides
Batting: RHB Juan Espinoza 0-0: Foul Ball, location: 2F
0-1: Swinging Strike
0-2: Strikes out swinging
Batting: RHB Ryan Gautney 0-0: Ball
1-0: Ground out 6-3 (Groundball, 6, EV 103.8 MPH)
Batting: RHB Ratko Macura 0-0: Fly out, F3 (Line Drive, 3, EV 64.4 MPH)
Bottom of the 5th over - 0 runs, 0 hits, 0 errors, 0 left on base; Toledo 1 - Rochester 9
TOP OF THE 6TH
Toledo Mud Hens batting - Pitching for Rochester Red Wings : RHP Bill Rondeau
Batting: SHB Scott Bartholomew 0-0: Ball
1-0: Ball
2-0: Called Strike
2-1: Swinging Strike
2-2: Ball
3-2: Foul Ball, location: 2F
3-2: SINGLE (Groundball, 34, EV 109.4 MPH)
Batting: RHB Brandon O'Malley 0-0: DOUBLE (Line Drive, 89XD, EV 106.2 MPH)
Scott Bartholomew to third
Batting: RHB J.J. Basil 0-0: Called Strike
0-1: Called Strike
0-2: Strikes out swinging
Batting: LHB Bill Ford 0-0: Ball
1-0: Ball
2-0: Swinging Strike
2-1: Ball
3-1: Base on Balls
Batting: LHB Jon Frederick 0-0: GRAND SLAM HOME RUN (Flyball, 9D, EV 96.9 MPH), Distance : 373 ft
Pitching: RHP Matthew Lange
Batting: RHB Willis Morales 0-0: Foul Ball, location: 2F
0-1: Fly out, F2 (Popup, 2LF, EV 85.0 MPH)
Batting: RHB Joel Miller 0-0: Ball
1-0: SINGLE (Groundball, 25, EV 68.8 MPH) (infield hit)
Batting: RHB Keith Hoffman 0-0: Ground out 3-1 (Groundball, 34, EV 107.5 MPH)
Top of the 6th over - 4 runs, 4 hits, 0 errors, 1 left on base; Toledo 5 - Rochester 9
BOTTOM OF THE 6TH
Rochester Red Wings batting - Pitching for Toledo Mud Hens : RHP Roberto Benavides
Batting: RHB Cyril Husson 0-0: Ball
1-0: Called Strike
1-1: SINGLE (Groundball, 56S, EV 70.0 MPH) (infield hit)
Batting: SHB Manny Molina 0-0: SINGLE (Line Drive, 78S, EV 98.8 MPH)
Cyril Husson to second
Batting: LHB Chris Munguia 0-0: Swinging Strike
0-1: Ball
1-1: Fly out, F9 (Flyball, 9LSF, EV 86.9 MPH)
Batting: SHB Dan Morataya 0-0: Ball
1-0: Called Strike
1-1: Ball
2-1: Ball
3-1: Foul Ball, location: 2F
3-2: Strikes out looking
Batting: SHB Ian Thompson 0-0: Called Strike
0-1: Foul Ball, location: 2F
0-2: Ball
1-2: Ball
2-2: Fielders Choice at 2nd, 6-4 (Groundball, 6, EV 88.1 MPH)
Bottom of the 6th over - 0 runs, 2 hits, 0 errors, 2 left on base; Toledo 5 - Rochester 9
TOP OF THE 7TH
Toledo Mud Hens batting - Pitching for Rochester Red Wings : RHP Matthew Lange
Batting: RHB Aaron Cusick 0-0: Called Strike
0-1: Ball
1-1: Swinging Strike
1-2: Foul Ball, location: 2F
1-2: Strikes out swinging
Batting: SHB Scott Bartholomew 0-0: Ball
1-0: Ball
2-0: Ball
3-0: Base on Balls
Batting: RHB Brandon O'Malley 0-0: Fly out, F8 (Flyball, 8LS, EV 88.8 MPH)
Batting: RHB J.J. Basil 0-0: Called Strike
Scott Bartholomew steals 2nd base
0-1: Foul Ball, location: 2F
0-2: Ground out 6-3 (Groundball, 6, EV 102.5 MPH)
Top of the 7th over - 0 runs, 0 hits, 0 errors, 1 left on base; Toledo 5 - Rochester 9
BOTTOM OF THE 7TH
Rochester Red Wings batting - Pitching for Toledo Mud Hens : RHP Roberto Benavides
Pitching: RHP Jason Mucci
Batting: RHB Mike Craver 0-0: Ball
1-0: Swinging Strike
1-1: Ball
2-1: Ground out 4-3 (Groundball, 4, EV 111.2 MPH)
Batting: RHB Juan Espinoza 0-0: Fly out, F9 (Flyball, 9S, EV 85.6 MPH)
Batting: RHB Ryan Gautney 0-0: Ball
1-0: Called Strike
1-1: Called Strike
1-2: Foul Ball, location: 2F
1-2: Foul Ball, location: 2F
1-2: Foul Ball, location: 2F
1-2: SINGLE (Flyball, 34D, EV 90.6 MPH) - OUT at second base trying to stretch hit.
Bottom of the 7th over - 0 runs, 1 hit, 0 errors, 0 left on base; Toledo 5 - Rochester 9
TOP OF THE 8TH
Toledo Mud Hens batting - Pitching for Rochester Red Wings : RHP Matthew Lange
Batting: LHB Bill Ford 0-0: Called Strike
0-1: Called Strike
0-2: Foul Ball, location: 2F
0-2: Ball
1-2: Ball
2-2: Strikes out swinging
Batting: LHB Jon Frederick 0-0: Ball
1-0: Called Strike
1-1: Called Strike
1-2: Ball
2-2: Strikes out swinging
Batting: RHB Willis Morales 0-0: Called Strike
0-1: Ball
1-1: Ground out 6-3 (Groundball, 6, EV 76.2 MPH)
Top of the 8th over - 0 runs, 0 hits, 0 errors, 0 left on base; Toledo 5 - Rochester 9
BOTTOM OF THE 8TH
Rochester Red Wings batting - Pitching for Toledo Mud Hens : RHP Jason Mucci
Batting: RHB Ratko Macura 0-0: Called Strike
0-1: Foul Ball, location: 2F
0-2: Ball
1-2: Foul Ball, location: 2F
1-2: Strikes out swinging
Batting: RHB Cyril Husson 0-0: Foul Ball, location: 2F
0-1: Swinging Strike
0-2: Foul Ball, location: 2F
0-2: Ball
1-2: Ball
2-2: Ball
3-2: Base on Balls
Batting: SHB Manny Molina 0-0: Ball
Cyril Husson steals 2nd base
1-0: Foul Ball, location: 2F
1-1: Ball
2-1: SINGLE (Groundball, 34D, EV 88.8 MPH) (infield hit)
Cyril Husson to third
Batting: LHB Chris Munguia 0-0: Called Strike
0-1: Ball
1-1: SINGLE (Groundball, 4D, EV 99.4 MPH)
Cyril Husson scores
Manny Molina to second
Runner from 2nd tries for 3rd, SAFE, no throw by CF
Batting: SHB Dan Morataya 0-0: Ball
Chris Munguia is caught stealing 2nd base 2-6
1-0: DOUBLE (Line Drive, 9LD, EV 103.1 MPH)
Manny Molina scores
Batting: SHB Ian Thompson 0-0: Called Strike
0-1: Foul Ball, location: 2F
0-2: Ball
1-2: Strikes out looking
Bottom of the 8th over - 2 runs, 3 hits, 0 errors, 1 left on base; Toledo 5 - Rochester 11
TOP OF THE 9TH
Toledo Mud Hens batting - Pitching for Rochester Red Wings : RHP Matthew Lange
Batting: RHB Joel Miller 0-0: Ball
1-0: Foul Ball, location: 2F
1-1: Called Strike
1-2: Foul Ball, location: 2F
1-2: Ball
2-2: Ball
3-2: Foul Ball, location: 2F
3-2: Strikes out looking
Batting: RHB Keith Hoffman 0-0: Called Strike
0-1: Called Strike
0-2: Strikes out swinging
Batting: RHB Aaron Cusick 0-0: Swinging Strike
0-1: Called Strike
0-2: Ball
1-2: Ball
2-2: SINGLE (Groundball, 56D, EV 101.2 MPH)
Batting: SHB Scott Bartholomew 0-0: Foul Ball, location: 2F
0-1: Ball
1-1: Ball
2-1: Foul Ball, location: 2F
2-2: 2-RUN HOME RUN (Flyball, 9D, EV 95.0 MPH), Distance : 364 ft
Batting: RHB Brandon O'Malley 0-0: Called Strike
0-1: Ball
1-1: Ball
2-1: Foul Ball, location: 2F
2-2: Foul Ball, location: 2F
2-2: Fly out, F8 (Flyball, 78D, EV 75.6 MPH)
Top of the 9th over - 2 runs, 2 hits, 0 errors, 0 left on base; Toledo 7 - Rochester 11
Tuesday, March 28th , 2023 - OOTP Baseball 23.10 Build 110